 Dungeon Crawl Stone Soup version 0.30.1-11-g7821555f0a (webtiles) character file.

Game seed: 6548199357753993200

22 porpoise the Shooter (level 2, -1/18 HPs)
             Began as a Tengu Hunter on Dec 21, 2023.
             Slain by Terence
             ... wielding a +7 heavy falchion
              (19 damage)
             ... on level 2 of the Dungeon.
             The game lasted 00:02:02 (949 turns).

porpoise the Shooter (Tengu Hunter)                  Turns: 949, Time: 00:02:03

Health: -1/18      AC:  4    Str: 11    XL:     2   Next: 91%
Magic:  3/3        EV: 12    Int:  9    God:
Gold:   71         SH:  0    Dex: 17    Spells: 1/1 levels left

rFire   . . .        a - +0 shortbow
rCold   . . .        (shield currently unavailable)
rNeg    . . .        l - +1 leather armour {rPois}
rPois   +            (helmet restricted)
rElec   .            (no cloak)
rCorr   .            (no gloves)
SInv    .            (boots unavailable)
Will    .....        (no amulet)
Stlth   ++           (no ring)
HPRegen 0.23/turn    (no ring)
MPRegen 0.08/turn

%: no passive effects
@: no status effects
A: beak, talons 3
a: no special abilities


You were on level 2 of the Dungeon.
You visited 1 branch of the dungeon, and saw 2 of its levels.

You collected 71 gold pieces.

Inventory:

Hand Weapons
 a - a +0 shortbow (weapon)
Armour
 d - an orb of wrath
 l - a +1 leather armour of poison resistance (worn)
Scrolls
 b - a scroll of immolation
 c - 2 scrolls of identify {unknown}
 e - 4 scrolls of blinking {unknown}
 g - 2 scrolls of teleportation {unknown}
 h - 3 scrolls of fog {unknown}
 i - a scroll of amnesia {unknown}
 k - a scroll of magic mapping {unknown}
 m - a scroll of vulnerability {unknown}
Potions
 f - 3 potions of curing {unknown}
 j - 2 potions of might {unknown}


   Skills:
 + Level 2.4 Fighting
 * Level 5.0 Ranged Weapons
 - Level 2.1 Dodging
 - Level 1.0 Stealth


You had one spell level left.
You didn't know any spells.
Your spell library contained the following spells:

 Spells                   Type           Power      Damage    Failure   Level
 Animate Dead             Necr           0%         N/A       99%         4
 Haunt                    Necr/Summ      0%         N/A       100%        7
 Infestation              Necr           0%         N/A       100%        8


Dungeon Overview and Level Annotations

Branches:
Dungeon (2/15)

Altars:

Annotations:
D:2 Terence


Innate Abilities, Weirdness & Mutations

You have a beak for a mouth.
You have claws for feet.


Message History

You kill the ball python!
No target in view!
You see here a ball python corpse.
You now have 68 gold pieces (gained 7).
You now have 71 gold pieces (gained 3).
f - 3 murky white potions (gained 1)
A dart slug comes into view.
You shoot an arrow. The arrow hits the dart slug.
The dart slug is moderately wounded.
You shoot an arrow. The arrow barely misses the dart slug.
You shoot an arrow. The arrow hits the dart slug!
You kill the dart slug!
No target in view!
c - 2 scrolls labelled QUIZOK IMAUNK (gained 1)
Found a stone staircase leading down.
No target in view!
e - 4 scrolls labelled PACKAU UMNIOF (gained 1)
Found a leather armour.
Found a stone staircase leading down.
You open the door.
There is an open door here.
Found a stone staircase leading down.
Terence the Incautious comes into view.
He is wielding a +7 heavy falchion.
Found a book of Geomancy.
Terence moves out of view.
Okay, then.
You shoot an arrow. The arrow hits Terence.
Terence is lightly wounded.
You shoot an arrow. The arrow closely misses Terence.
You shoot an arrow. The arrow closely misses Terence.
You shoot an arrow.
The arrow hits Terence but does no damage.
Terence is lightly wounded.
You shoot an arrow. The arrow hits Terence!
Terence is heavily wounded.
Terence completely misses you.
You shoot an arrow. The arrow hits Terence.
Terence is heavily wounded.
Terence hits you with a +7 heavy falchion!!
Ouch! That really hurt!
You die...

#.... #...< #.... : #....
#.######### #####....
#.........#######...'....
#.................###....
#...............#####....
.#####@@.......# #...~~
#.........####..8~~
#.................~~
#....................
.>....................
..............###.....#
#..............# ##.####
#..............# #..##
........# ##..##


You could see Terence.

Vanquished Creatures
  A dart slug (D:2)
  2 endoplasms
  3 goblins
  3 hobgoblins (D:2)
  2 kobolds (D:1)
  A quokka (D:2)
  2 ball pythons (D:2)
  A bat (D:2)
  A frilled lizard (D:2)
  4 rats (D:1)
20 creatures vanquished.

Notes
Turn   | Place    | Note
-------+----------+-------------------------------------------
     0 | D:1      | porpoise the Tengu Hunter began the quest for the Orb.
     0 | D:1      | Reached XP level 1. HP: 12/12 MP: 2/2
   397 | D:1      | Reached XP level 2. HP: 17/17 MP: 3/3
   749 | D:2      | Found a faded altar of an unknown god.
   755 | D:2      | Reached skill level 5 in Ranged Weapons
   755 | D:2      | Noticed a golden eye
   760 | D:2      | Noticed an eye of devastation
   763 | D:2      | Noticed a great orb of eyes
   763 | D:2      | Noticed a floating eye
   942 | D:2      | Noticed Terence
   949 | D:2      | Slain by Terence

Illustrated notes

Levels and vault maps discovered:
D:1:      lightli_arrival_isolated_outpost, layout_loops_ring
D:2:      minmay_recursive_quarters, layout_basic,
          hellmonk_ecumenical_altar_watching_god, serial_park_tiny_pond,
          uniq_terence

Skill      XL: |  1  2 |
---------------+-------+-----
Ranged Weapons | 5 |  5.0
Fighting       | |  2.4
Dodging        | |  2.1
Stealth        | |  1.0

Action                     || total
---------------------------++-------
   Fire: Shortbow          ||    48
  Dodge: Dodged            ||     2
